 Dungeon Crawl Stone Soup version 0.31-a0-233-g139696dc86 (webtiles) character file.

Game seed: 17642244435073857953

162 qw the Shooter (level 5, -3/30 HPs)
             Began as a Gargoyle Hexslinger on July 8, 2023.
             Killed by divine providence
             ... invoked by an orc priest
              (10 damage)
             ... on level 3 of the Dungeon.
             The game lasted 00:00:47 (1778 turns).

qw the Shooter (Gargoyle Hexslinger)                Turns: 1778, Time: 00:00:48

Health: -3/30      AC:  7    Str: 11    XL:     5   Next: 43%
Magic:  0/6        EV: 11    Int: 14    God:
Gold:   58         SH:  0    Dex: 14    Spells: 5/6 levels left

rFire   . . .        Y - +2 sling
rCold   . . .        (no shield)
rNeg    + . .        a - +0 leather armour
rPois   inf          (no helmet)
rElec   +            (no cloak)
rCorr   .            (no gloves)
SInv    .            (no boots)
Will    .....        g - amulet of guardian spirit
Stlth   +            (no ring)
HPRegen 0.25/turn    (no ring)
MPRegen 0.10/turn

%: guardian spirit
@: no status effects
A: sickness immunity, AC +4, negative energy resistance 1, electricity
resistance, torment resistance 1, petrification resistance
a: no special abilities


You were on level 3 of the Dungeon.
You visited 1 branch of the dungeon, and saw 3 of its levels.

You collected 58 gold pieces.


Innate Abilities, Weirdness & Mutations

You are immune to sickness and miasma.
Your stone body is resilient. (AC +4)
You are immune to poison.
You resist negative energy. (rN+)
You are resistant to electric shocks. (rElec)
You are resistant to unholy torment.
You are immune to petrification.


   Skills:
 + Level 2.0 Fighting
 - Level 5.2 Ranged Weapons
 - Level 1.5 Dodging
 - Level 1.0 Spellcasting
 - Level 2.6 Hexes


You had 5 spell levels left.
You knew the following spells:

 Your Spells              Type           Power      Damage    Failure   Level
a - Slow                  Hex            32%        N/A       12%         1

Your spell library contained the following spells:

 Spells                   Type           Power      Damage    Failure   Level
 Inner Flame              Hex/Fire       4%         N/A       52%         3
 Portal Projectile        Hex/Tloc       8%         N/A       52%         3
 Cause Fear               Hex            4%         N/A       75%         4

Inventory:

Hand Weapons
 Y - a +2 sling (weapon)
Armour
 a - a +0 leather armour (worn)
Jewellery
 g - an amulet of guardian spirit (around neck)
Scrolls
 c - a scroll of vulnerability {unknown}
Potions
 b - a potion of haste
 d - a potion of cancellation
 e - a potion of experience {unknown}
 f - a potion of curing
 h - 2 potions of heal wounds {unknown}

Dungeon Overview and Level Annotations

Branches:
Dungeon (3/15)

Altars:
Vehumet


Message History

You shoot a sling bullet. The sling bullet hits the orc priest.
The orc priest is heavily wounded.
The orc priest hits you with a +0 dagger.
The orc hits you but does no damage.
You shoot a sling bullet.
The sling bullet closely misses the orc priest.
The orc priest hits you but does no damage.
The orc hits you with a +0 dagger.
The orc priest miscasts a cantrip.
You shoot a sling bullet. The sling bullet hits the orc priest.
The orc priest is severely wounded.
The orc hits you but does no damage.
The orc priest hits you but does no damage.
You shoot a sling bullet. The sling bullet hits the orc priest!
You kill the orc priest!
The orc closely misses you.
Your Ranged Weapons skill increases to level 5!
You shoot a sling bullet.
The sling bullet hits the orc but does no damage.
The orc priest miscasts a cantrip.
The orc hits you but does no damage.
You shoot a sling bullet. The sling bullet barely misses the orc.
The orc misses you.
You shoot a sling bullet. The sling bullet hits the orc.
The orc is heavily wounded.
The orc hits you but does no damage. The orc hits you with a +0 dagger.
You shoot a sling bullet. The sling bullet hits the orc.
You kill the orc!
The orc hits you but does no damage.
You shoot a sling bullet. The sling bullet hits the orc priest.
The orc priest is moderately wounded.
The orc priest hits you but does no damage.
The orc misses you.
The orc priest invokes the aid of Beogh against you.
Beogh smites you! The orc barely misses you.
You shoot a sling bullet.
The sling bullet completely misses the orc priest.
The orc priest calls down the wrath of Beogh upon you.
Beogh smites you!
You die...

###### #....# ####
#....# #... +....#
#... # #....# #...
#.##....########
#...
#..oo...##.....#
#...
.......#@...##.....#
#...
..#.##.#.#'###.....#
#... .o
#.#...........# #...
.
..##.####.....######
## #.#..............
..#.##.##########
#..# ...#
..>###############
.... ..............


You could see an orc priest and an orc.

Vanquished Creatures
  An orc priest (D:3)
  A sleepcap (D:3)
  A gnoll (D:1)
  4 adders
  3 dart slugs (D:1)
  2 orcs
  2 endoplasms
  8 goblins
  7 hobgoblins
  3 kobolds
  3 quokkas
  7 ball pythons
  4 bats
  2 frilled lizards (D:3)
  7 rats
55 creatures vanquished.

Notes
Turn   | Place    | Note
-------+----------+-------------------------------------------
     0 | D:1      | qw the Gargoyle Hexslinger began the quest for the Orb.
     0 | D:1      | Reached XP level 1. HP: 12/12 MP: 2/2
     0 | D:1      | 0 ||| qw: Version: 0.3-a-46-gb1f654a
     0 | D:1      | 0 ||| qw: Game counter: 3510
     0 | D:1      | 0 ||| qw: Melee chars always use a shield: true
     0 | D:1      | 0 ||| qw: God list: Okawaru
     0 | D:1      | 0 ||| qw: Allow faded altars: false
     0 | D:1      | 0 ||| qw: Do Orc after clearing Dungeon:15 true
     0 | D:1      | 0 ||| qw: Do second Lair branch before Depths: true
     0 | D:1      | 0 ||| qw: Lair rune preference: random
     0 | D:1      | 0 ||| qw: Goals: Normal
     0 | D:1      | 0 ||| PLANNING D:1-11
    12 | D:1      | Reached XP level 2. HP: 7/16 MP: 3/3
   113 | D:1      | Found a faded altar of an unknown god.
   189 | D:1      | Reached skill level 3 in Ranged Weapons
   432 | D:1      | Reached XP level 3. HP: 21/21 MP: 4/4
   823 | D:1      | 823 ||| UPGRADING to amulet of guardian spirit.
   828 | D:1      | 828 ||| READING scroll labelled WURIUDDIOR.
   833 | D:1      | 833 ||| READING scroll labelled POOXZE CYREL KIT.
   834 | D:1      | 834 ||| DRINKING 2 sedimented blue potions.
   835 | D:1      | 835 ||| DROPPING scroll of poison.
  1069 | D:2      | Reached XP level 4. HP: 26/26 MP: 5/5
  1073 | D:2      | Reached skill level 4 in Ranged Weapons
  1458 | D:2      | 1458 ||| UPGRADING to +0 leather armour.
  1468 | D:2      | 1468 ||| DROPPING +0 robe.
  1469 | D:2      | 1469 ||| READING scroll labelled MEVOELYRAN.
  1470 | D:2      | 1470 ||| READING scroll labelled TICVOON WIGU.
  1471 | D:2      | 1471 ||| READING scroll labelled YHUSOI IHIGIT.
  1472 | D:2      | 1472 ||| READING scroll labelled POANYT QISIJE.
  1473 | D:2      | 1473 ||| DRINKING 2 glowing blue potions.
  1474 | D:2      | 1474 ||| DRINKING 2 clear potions.
  1553 | D:3      | Reached XP level 5. HP: 19/30 MP: 3/6
  1647 | D:3      | Found a radiant altar of Vehumet.
  1761 | D:3      | 1761 ||| Stepping ~*~*~tactically~*~*~ (outnumbered).
  1763 | D:3      | 1763 ||| Stepping ~*~*~tactically~*~*~ (outnumbered).
  1773 | D:3      | Reached skill level 5 in Ranged Weapons
  1777 | D:3      | HP: 7/30 [orc priest/divine providence (13)]
  1778 | D:3      | Killed from afar by an orc priest

Levels and vault maps discovered:
D:1:      minmay_arrival_five_plusses, layout_basic,
          shapermc_ecumenical_altar_notcrosses
D:2:      layout_loops_ring, minmay_circle_x
D:3:      layout_basic, mainiacjoe_overflow_catwalk

Skill      XL: |  1  2  3  4  5 |
---------------+----------------+-----
Ranged Weapons | 3 4 5 |  5.2
Fighting       | 2 |  2.0
Dodging        | |  1.5
Spellcasting   | |  1.0
Hexes          | |  2.6

Action                     |  1- 3 |  4- 6 || total
---------------------------+-------+-------++-------
   Fire: Sling             |    99 |    87 ||   186
    Use: Scroll            |     2 |     4 ||     6
         Potion            |     1 |     2 ||     3
 Armour: Robe              |    11 |     8 ||    19
         Leather armour    |       |    17 ||    17
  Dodge: Dodged            |    21 |    17 ||    38

Table legend:
 A = Non-vault XP
 B = Vault XP
 C = Vault XP percentage of total XP
 D = Non-vault monster count
 E = Vault monster count
 F = Vault count percentage of total count
                 A         B        C        D         E       F
            +---------+---------+-------+---------+---------+-------
      Total |     200 |      32 |  13.8 |      49 |       6 |  10.9
            +---------+---------+-------+---------+---------+-------
        D:1 |      49 |       0 |   0.0 |      17 |       0 |   0.0
        D:2 |      40 |      32 |  44.4 |      16 |       6 |  27.3
        D:3 |     111 |       0 |   0.0 |      16 |       0 |   0.0
            +---------+---------+-------+---------+---------+-------
